 Seeded DCSS version 0.29-a0-378-gc08b2e8bf8 (webtiles) character file.

Game seed: 2022050543948584349 (custom seed)

18 joe1234567 the Conjurer (level 2, -1/13 HPs)
             Began as a Vine Stalker Conjurer on May 5, 2022.
             Slain by a goblin
             ... wielding a +0 club
             ... led by Robin
              (3 damage)
             ... on level 2 of the Dungeon.
             The game lasted 00:05:34 (1312 turns).

joe1234567 the Conjurer (Vine Stalker Conjurer)     Turns: 1312, Time: 00:05:42

Health: -1/13      AC:  8    Str:  9    XL:     2   Next: 66%
Magic:  0/6        EV:  3    Int: 18    God:
Gold:   86         SH:  0    Dex: 12    Spells: 4/5 levels left

rFire   . . .      SeeInvis .   d - +0 flail
rCold   . . .      Faith    .   (no shield)
rNeg    . . .      Spirit   +   h - +0 chain mail
rPois   .          Reflect  .   (no helmet)
rElec   .          Harm     .   (no cloak)
rCorr   .          Rampage  .   (no gloves)
Will    .....                   (no boots)
Stlth   ..........              (no amulet)
HPRegen 0.04/turn               (no ring)
MPRegen 0.10/turn               (no ring)

@: studying Ice Magic
A: fangs 2, magic shield, antimagic bite, no potion heal 2
a: no special abilities


You were on level 2 of the Dungeon.
You visited 1 branch of the dungeon, and saw 2 of its levels.

You collected 86 gold pieces.

Inventory:

Hand Weapons
 c - a +0 long sword
 d - a +0 flail (weapon)
Armour
 a - a +0 robe
 h - a +0 chain mail (worn)
Scrolls
 f - a scroll of identify {unknown}
 i - a scroll of enchant weapon {unknown}
 j - a scroll of immolation {unknown}
 l - a scroll of noise {unknown}
Potions
 b - a potion of magic
 e - a potion of degeneration {unknown}
 g - a potion of curing {unknown}
 k - 2 potions of resistance {unknown}


   Skills:
 + Level 0.1 Fighting
 + Level 0.2 Maces & Flails
 + Level 0.1 Armour
 + Level 1.6 Dodging
 + Level 2.5 Stealth
 + Level 2.3 Spellcasting
 + Level 4.4 Conjurations


You had 4 spell levels left.
You knew the following spells:

 Your Spells              Type           Power      Damage    Failure   Level
a - Magic Dart            Conj           72%        1d6       98%         1

Your spell library contained the following spells:

 Spells                   Type           Power      Damage    Failure   Level
 Searing Ray              Conj           36%        2d5       99%         2
 Summon Small Mammal      Summ           8%         N/A       100%        1
 Call Canine Familiar     Summ           2%         N/A       100%        3
 Dazzling Flash           Conj/Hex       20%        N/A       100%        3
 Summon Guardian Golem    Hex/Summ       2%         N/A       100%        3
 Fulminant Prism          Conj/Hex       5%         3d7       100%        4
 Iskenderun's Mystic Bla  Conj/Tloc      10%        2d4       100%        4


Dungeon Overview and Level Annotations

Branches:
Dungeon (2/15)

Altars:

Annotations:
D:2 Robin


Innate Abilities, Weirdness & Mutations

You have extremely sharp teeth.
When hurt, damage is shared between your health and your magic reserves.
Your bite disrupts and absorbs the magic of your enemies.
Potions cannot restore your health.


Message History

The quokka completely misses you.
You thump the quokka!
You kill the quokka!
Your magical contamination has completely faded away.
You see here a quokka corpse.
Found an inky potion. 2 goblins and a rat come into view.
The goblin shouts!
You hear a shout! x2
A goblin comes into view. It is wielding a +0 dagger. x2
The goblin moves out of view.
A goblin comes into view. It is wielding a +0 club.
Found a stone staircase leading up.
The goblin shouts! x3; You hear a shout! x3
Robin of the Strong Arm comes into view.
They are wielding a +0 dagger.
A goblin comes into view. It is wielding a +0 club.
A goblin and a hobgoblin come into view.
The goblin shouts!
The hobgoblin shouts!
The goblin shouts!
Robin throws the goblin at you! The goblin hits you but does no damage.
A goblin comes into view. It is wielding a +0 dagger.
You closely miss the goblin.
A goblin comes into view. It is wielding a +0 dagger. x2
Robin throws the goblin at you! The goblin hits you with a +0 club.
The goblin shouts!
You barely miss the goblin.
The goblin shouts!
Robin throws the goblin at you!
The goblin hits you but does no damage. x2
The goblin hits you with a +0 club.
You barely miss the goblin. You bite the goblin. You drain its power.
You feel invigorated.
The goblin is severely wounded.
Robin points. "Kill!"
Robin roars a battlecry!
The goblins go into a battle-frenzy!
The goblin hits you with a +0 dagger. x2
* * * LOW HITPOINT WARNING * * *
The goblin hits you but does no damage. The goblin hits you with a +0 club.
* * * LOW HITPOINT WARNING * * *
The goblin hits you with a +0 dagger.
The goblin hits you but does no damage. x3
The goblin hits you with a +0 club.
You die...

...#####..###
..........##
#..######........#
#.......<.†...#
#..######....##
#.....#
##.#.#.#####
##.#..#gg.....#
..!...g@g####.#
.....$g#g# .###...


gr# #... gg.. .g... ...## ...... .... .<...g. ..... ##..... ..##.. You could see
Robin, a hobgoblin (strong), 9 goblins and a rat.

Vanquished Creatures
  3 ball pythons (D:1)
  An endoplasm (D:1)
  2 giant cockroaches (D:1)
  3 goblins (D:1)
  A hobgoblin (D:1)
  2 quokkas
  2 frilled lizards (D:1)
  A rat (D:1)
15 creatures vanquished.

Notes
Turn   | Place    | Note
-------+----------+-------------------------------------------
     0 | D:1      | joe1234567 the Vine Stalker Conjurer began the quest for
                  | the Orb.
     0 | D:1      | Reached XP level 1. HP: 9/9 MP: 4/4
   549 | D:1      | Reached XP level 2. HP: 6/13 MP: 3/6
  1308 | D:2      | Noticed Robin
  1312 | D:2      | Slain by a goblin

Illustrated notes

Levels and vault maps discovered:
D:1:      scummos_arrival_gate, layout_loops_corners
D:2:      layout_rooms, ebering_ecumenical_altar_hall, uniq_robin, uniq_terence

Action                   || total
-------------------------++-------
Melee: Flail             ||    37
       Long sword        ||     9
       Bite              ||     7
 Cast: Magic Dart        ||     4
 Stab: Sleeping          ||     1
Armor: Robe              ||     4
       Chain mail        ||    23
Dodge: Dodged            ||    23

Table legend: (Time is in decaauts)
 A = Elapsed time spent in this place.
 B = Non-inter-level travel time spent in this place.
 C = Inter-level travel time spent in this place.
 D = Time resting spent in this place.
 E = Time spent auto-exploring this place.
 F = Levels seen in this place.
 G = Mean time per level.
                   A        B        C        D        E       F      G
               +--------+--------+--------+--------+--------+-----+--------+
         Total |   1328 |   1328 |      0 |      0 |      0 |   2 |  664.0 |
       Dungeon |   1328 |   1328 |      0 |      0 |      0 |   2 |  664.0 |
               +--------+--------+--------+--------+--------+-----+--------+

Top non-repeatable levels by time:
     D:1: 1304 daAuts
     D:2: 24 daAuts
